AoeStats
← RDA Ronan

Arabia

506401808Analyzed
1v1 RM · 18d ago on Sep 13, 2026· 48m 49s· 2 players
Game mode
Random Map
Map size
Tiny (2 player)
Population
200
Speed
Normal
Resources
Standard
Victory
Conquest
Starting age
Dark Age
Ending age
Imperial Age
RankedLock teamsTeams togetherTeam positionsShared explorationLock speedFull tech treeHidden civsTurbo modeCheats
Victory
Defeat
🇦🇷 Lithuanians · Argentina
1296
+19
🇨🇭 Goths · Switzerland
1358
-19
RDA Ronan
6:32 Loom
9:00 Feudal Age
13:11 Fletching
14:03 Man-at-Arms
18:16 Wheelbarrow
17:28 Double-Bit Axe
18:31 Horse Collar
25:27 Castle Age
23:42 Padded Archer Armor
23:46 Gold Mining
24:58 Bloodlines
26:06 Bodkin Arrow
26:17 Town Watch
27:29 Husbandry
28:52 Hand Cart
33:16 Light Cavalry
35:15 Ballistics
36:41 Scale Barding Armor
36:40 Heavy Plow
37:01 Town Patrol
38:43 Bow Saw
39:01 Chain Barding Armor
42:15 Imperial Age
41:33 Forging
42:53 Iron Casting
42:11 Stone Mining
42:18 Cavalier
43:42 Plate Barding Armor
44:09 Bracer
48:21 Winged Hussar
jantotu
10:56 Feudal Age
9:14 Loom
10:59 Feudal Age
11:04 Man-at-Arms
11:32 Double-Bit Axe
14:40 Fletching
24:06 Castle Age
24:09 Scale Barding Armor
24:37 Light Cavalry
25:28 Bloodlines
25:33 Forging
27:00 Bow Saw
29:26 Horse Collar
31:32 Bodkin Arrow
31:38 Pikeman
35:29 Padded Archer Armor
34:55 Elite Skirmisher
36:55 Wheelbarrow
37:37 Scale Mail Armor
38:54 Leather Archer Armor
40:05 Hand Cart
43:28 Imperial Age
41:20 Ballistics
42:15 Iron Casting
43:05 Squires
44:05 Halberdier
45:20 Perfusion
45:10 Long Swordsman
45:57 Perfusion
47:12 Chain Mail Armor
47:57 Blast Furnace
46:58 Bracer
Connection lost

Rejoining the realm…

Still unreachable

The connection could not be restored.

Session expired

The server has moved on; the page needs a fresh start.